 Dungeon Crawl Stone Soup version 0.28.0 (webtiles) character file.

Game seed: 3208215920387900466

42 lawman0 the Magician (level 3, -2/25 HPs)
             Began as a Palentonga Hedge Wizard on Feb 9, 2022.
             Slain by an orc wizard (3 damage)
             ... on level 3 of the Dungeon.
             The game lasted 00:02:52 (1691 turns).

lawman0 the Magician (Palentonga Hedge Wizard)      Turns: 1691, Time: 00:02:53

Health: -2/25      AC:  7    Str: 13    XL:     3   Next: 35%
Magic:  5/8        EV:  9    Int: 16    God:
Gold:   81         SH:  0    Dex:  9    Spells: 0/9 levels left

rFire   . . .      SeeInvis +   e - +1 dagger (drain)
rCold   . . .      Faith    .   (no shield)
rNeg    . . .      Spirit   .   b - +0 robe
rPois   .          Reflect  .   c - +0 hat
rElec   .          Harm     .   (no cloak)
rCorr   .          Rampage  .   i - +2 pair of gloves {Stlth+}
Will    .....                   (no barding)
Stlth   ++........              (no amulet)
HPRegen 0.08/turn               (no ring)
MPRegen 0.11/turn               (no ring)

@: no status effects
A: large, rugged brown scales 3, see invisible, deformed body, roll 1, armoured
tail
a: Rolling Charge


You were on level 3 of the Dungeon.
You visited 1 branch of the dungeon, and saw 3 of its levels.

You collected 81 gold pieces.

Inventory:

Hand Weapons
 a - a +0 dagger
 d - a +0 spear
 e - a +1 dagger of draining (weapon)
Armour
 b - a +0 robe (worn)
 c - a +0 hat (worn)
 i - a +2 pair of gloves of stealth (worn)
Scrolls
 f - a scroll of fear {unknown}
 g - a scroll of summoning {unknown}
 h - a scroll of silence {unknown}


   Skills:
 + Level 1.9 Dodging
 + Level 1.2 Stealth
 + Level 3.7 Spellcasting
 * Level 1.8 Conjurations
 + Level 0.7 Summonings
 + Level 1.0 Translocations


You couldn't memorise any spells.
You knew the following spells:

 Your Spells              Type           Power      Damage    Failure   Level
a - Magic Dart            Conj           32%        1d4       9%          1
b - Blink                 Tloc           12%        N/A       17%         2
c - Call Imp              Summ           5%         N/A       21%         2
d - Slow                  Hex            8%         N/A       17%         1
e - Stone Arrow           Conj/Erth      10%        3d7       36%         3

Your spell library contained the following spells:

 Spells                   Type           Power      Damage    Failure   Level
 Conjure Flame            Conj/Fire      5%         6-21      36%         3
 Mephitic Cloud           Conj/Pois/Air  4%         N/A       38%         3
 Animate Armour           Summ/Erth      8%         N/A       83%         4
 Lehudib's Crystal Spear  Conj/Erth      2%         10d2      100%        8


Dungeon Overview and Level Annotations

Branches:
Dungeon (3/15)

Altars:

Shops:
D:1 :   D:2 =


Innate Abilities, Weirdness & Mutations

You are completely covered in rugged brown scales. (AC +3, +7% HP)
You have supernaturally acute eyesight. (SInv)
Armour fits poorly on your strangely shaped body.
You can roll at nearby foes to attack.
You have a long armoured tail.


Message History

Press: ? - help, Q - select action, (/) - cycle Shift-Dir - straight line, f/p - orc wizard
Aim: an orc wizard, wielding a +0 dagger and wearing a +0 robe (lightly wounded, 100% to hit)
The magic dart hits the orc.
The orc is moderately wounded.
Unknown command.
Aiming: Magic Dart (safe; 9% risk of failure)
Press: ? - help, Q - select action, (/) - cycle Shift-Dir - straight line, f/p - orc wizard
Aim: an orc wizard, wielding a +0 dagger and wearing a +0 robe (lightly wounded, 100% to hit)
The magic dart hits the orc wizard.
The orc wizard is moderately wounded.
The orc wizard gestures at you while chanting.
You are confused.
Unknown command.
You're too confused to cast spells.
Unknown command.
Unknown command.
The orc hits you with a +0 flail!
You closely miss the orc.
You tail-slap the orc, but do no damage.
The orc is moderately wounded.
The orc hits you with a +0 flail!
You barely miss the orc.
Your tail-slap misses the orc.
The orc is moderately wounded.
The orc barely misses you.
The orc wizard gestures at you while chanting.
The puff of flame hits you.
* * * LOW HITPOINT WARNING * * *
You aren't carrying any potions.
You are too confused!
You aren't carrying any potions.
You're too confused to move!
The orc hits you with a +0 flail.
* * * LOW HITPOINT WARNING * * *
You feel less confused.
The orc wizard points at you and mumbles some strange words.
The magic dart hits you.
* * * LOW HITPOINT WARNING * * *
You aren't carrying any potions.
The orc hits you but does no damage.
The orc wizard hits you with a +0 dagger.
You die...

#.#####.........#
#............####
########.≈.≈.#
#..⌠..# ##....##
#...### #.o.#
#.o.# #.o@#
#...........#
...............
#...........###
###.#...#.###
#.#...#.#
#.#...#.# #...#.#


You could see an orc wizard and 2 orcs.

Vanquished Creatures
  2 worms (D:2)
  A dart slug (D:2)
  4 endoplasms
  2 giant cockroaches (D:1)
  3 goblins (D:1)
  6 hobgoblins
  2 jackals (D:2)
  3 ball pythons (D:1)
  2 bats (D:2)
  3 frilled lizards
  3 rats
31 creatures vanquished.

Notes
Turn   | Place    | Note
-------+----------+-------------------------------------------
     0 | D:1      | lawman0 the Palentonga Hedge Wizard began the quest for the
                  | Orb.
     0 | D:1      | Reached XP level 1. HP: 13/13 MP: 4/4
   163 | D:1      | Reached skill level 1 in Conjurations
   240 | D:1      | Reached XP level 2. HP: 16/20 MP: 1/6
   255 | D:1      | col
   475 | D:1      | Found Gecroaqaps's Book Shop.
   650 | D:1      | Learned a level 2 spell: Blink
   653 | D:1      | Learned a level 2 spell: Call Imp
   655 | D:1      | Learned a level 1 spell: Slow
   707 | D:1      | Found a faded altar of an unknown god.
  1008 | D:2      | Reached XP level 3. HP: 20/25 MP: 8/8
  1258 | D:2      | Learned a level 3 spell: Stone Arrow
  1332 | D:2      | Found Qeasiwel's Jewellery Boutique.
  1690 | D:3      | HP: 1/25 [orc wizard/magic dart (5)]
  1691 | D:3      | Slain by an orc wizard

Illustrated notes

.# #. . ##### .### .#
#..8# .###..# ##.#
##..#####.....###>..#
#.....(.......##@.######
#..###....#..#..........
........................
#.#.##....##............
#.#.##....####..........
#.#...................).
#.#..>.......#......(...
#.#..........#..........
#.#..........)..........


Turn 255 on D:1: col

Levels and vault maps discovered:
D:1:      saegor_arrival_under_anarchy, layout_rooms, serial_shops,
          nicolae_shop_crystal, shapermc_ecumenical_altar_mp_vishouse
D:2:      layout_loops_ring, serial_shops, nicolae_shop_waterfront
D:3:      layout_loops_cross, dk_noncrumbling_4, hangedman_feature_mirror,
          minmay_surrounded

Skill      XL: |  1 |
---------------+----+-----
Conjurations   | 1 |  1.8
Dodging        | |  1.9
Stealth        | |  1.2
Spellcasting   | |  3.7
Summonings     | |  0.7
Translocations | |  1.0

Action                   || total
-------------------------++-------
Melee: Spear             ||    15
       Dagger            ||    29
       Punch             ||     1
       Tailslap          ||     4
 Cast: Magic Dart        ||    52
 Abil: Rolling Charge    ||     3
Armor: Robe              ||    26
Dodge: Dodged            ||    16
